 Dungeon Crawl Stone Soup version 0.30.0-10-gfe55d96785 (webtiles) character file.

Game seed: 2721537749579214636

227 Heoruswealwe the Caller (level 5, 0/28 HPs)
             Began as a Deep Elf Summoner on May 16, 2023.
             Killed by divine providence
             ... invoked by an orc priest
              (15 damage)
             ... on level 3 of the Dungeon.
             The game lasted 00:54:40 (1916 turns).

Heoruswealwe the Caller (Deep Elf Summoner)         Turns: 1916, Time: 00:54:40

Health: 0/28       AC:  3    Str:  5    XL:     5   Next: 70%
Magic:  10/15      EV: 12    Int: 22    God:
Gold:   165        SH:  0    Dex: 15    Spells: 3/16 levels left

rFire   . . .        b - +0 lajatang
rCold   . . .        (shield currently unavailable)
rNeg    . . .        c - +0 robe
rPois   .            (no helmet)
rElec   .            (no cloak)
rCorr   .            (no gloves)
SInv    .            e - +0 pair of boots
Will    .....        (no amulet)
Stlth   ++           (no ring)
HPRegen 0.24/turn    (no ring)
MPRegen 0.14/turn

%: no passive effects
@: no status effects
A: no striking features
a: no special abilities


You were on level 3 of the Dungeon.
You visited 1 branch of the dungeon, and saw 3 of its levels.

You collected 165 gold pieces.

Inventory:

Hand Weapons
 b - a +0 lajatang (weapon)
 m - the +4 spear of Gravity {drain, rElec rN+ Will-}
   (You found it on level 2 of the Dungeon)

   rElec:     It insulates you from electricity.
   rN:        It protects you from negative energy.
   Will:      It decreases your willpower.
Armour
 c - a +0 robe (worn)
 e - a +0 pair of boots (worn)
 k - a +0 robe
 n - a +0 robe
Wands
 o - a wand of digging (4)
Scrolls
 a - 3 scrolls of identify {unknown}
 f - 2 scrolls of enchant weapon {unknown}
 g - a scroll of enchant armour {unknown}
 l - a scroll of amnesia {unknown}
Potions
 h - 2 potions of magic
 i - a potion of flight {unknown}
 j - a potion of might {unknown}


   Skills:
 - Level 2.4 Dodging
 - Level 2.4 Stealth
 + Level 6.0 Spellcasting
 + Level 6.3 Summonings


You had 3 spell levels left.
You knew the following spells:

 Your Spells              Type           Power      Damage    Failure   Level
a - Summon Small Mammal   Summ           100%       N/A       1%          1
b - Call Imp              Summ           68%        N/A       1%          2
c - Call Canine Familiar  Summ           34%        N/A       1%          3
d - Summon Guardian Gole  Hex/Summ       20%        N/A       8%          3
e - Summon Lightning Spi  Summ/Air       20%        N/A       24%         4

Your spell library contained the following spells:

 Spells                   Type           Power      Damage    Failure   Level
 Cigotuvi's Dreadful Rot  Necr/Pois/Air  12%        N/A       14%         2
 Ignite Poison            Fire/Tmut/Pois 6%         N/A       26%         3
 Cause Fear               Hex            3%         N/A       65%         4
 Freezing Cloud           Conj/Ice/Air   3%         6-21      94%         5
 Dragon Form              Tmut           3%         N/A       100%        7
 Dragon's Call            Summ           17%        N/A       100%        9


Dungeon Overview and Level Annotations

Branches:
Dungeon (3/15)

Altars:

Shops:
D:1 (


Message History

Something hits you.
* * * LOW HITPOINT WARNING * * *
x2 You feel sick.
You swap places.
* * * LOW HITPOINT WARNING * * *
You feel sick.
Your hound bites something but does no damage.
Something hits your hound.
Your hound is poisoned.
Your hound barely misses something.
It was a potion of heal wounds.
You feel much better.
You feel sick.
Your hound bites something.
Something hits your hound.
Your hound looks even sicker.
You feel sick.
Your hound bites something.
Something barely misses your hound.
Your hound closely misses something.
You feel sick.
You are no longer poisoned.
Your hound misses something.
The orc priest invokes the aid of Beogh against you.
Something writhes in agony!
Reactivating autopickup.
You feel a bit more experienced.
Your Spellcasting skill increases to level 6!
The orc priest barely misses your hound.
Your hound bites the orc priest but does no damage.
Your hound barely misses the orc priest.
The orc priest barely misses your hound.
Your hound closely misses the orc priest.
The orc priest hits your hound with a +0 short sword.
Your hound dies!
Your hound's corpse disappears in a puff of smoke!
The orc wizard mumbles some strange words.
The orc wizard flickers and vanishes!
Deactivating autopickup; reactivate with Ctrl-A.
The orc priest mumbles some strange prayers to Beogh against you.
Beogh smites you!
The orc priest invokes the aid of Beogh against you.
Beogh smites you!
Ouch! That really hurt!
You die...

.........### ###.#
..........### #.#
########...# #..
######.####.
#.....>.....
#..........#
#..........#
#################.####..
####{o)h..@..........#
#.#
#..go#################
#.# #.#### ... #o..# ..#
.goo### ## ...### ..


You could see an orc priest (ally target), an orc, a goblin and a friendly hound
(summoned).

Vanquished Creatures
  5 bats
  A giant cockroach (D:3)
  A goblin (D:2)
  2 hobgoblins
  A rat (D:2)
  A spectral goblin (D:3)
11 creatures vanquished.

Vanquished Creatures (collateral kills)
  A phantom (D:3)
  Ijyb (D:3)
  4 adders
  2 worms (D:2)
  2 dart slugs
  6 ball pythons
  4 endoplasms
  2 giant cockroaches
  3 goblins
  7 hobgoblins
  2 jackals (D:2)
  9 kobolds
  A quokka (D:1)
  2 bats (D:1)
  5 frilled lizards
  3 rats
54 creatures vanquished.

Vanquished Creatures (others)
  An orc wizard (D:3)
1 creature vanquished.

Grand Total: 66 creatures vanquished

Notes
Turn   | Place    | Note
-------+----------+-------------------------------------------
     0 | D:1      | Heoruswealwe the Deep Elf Summoner began the quest for the
                  | Orb.
     0 | D:1      | Reached XP level 1. HP: 10/10 MP: 6/6
   141 | D:1      | Found Cuubbast's Weapon Shoppe.
   161 | D:1      | Reached XP level 2. HP: 15/15 MP: 5/8
   709 | D:1      | Reached skill level 5 in Summonings
   709 | D:1      | Reached XP level 3. HP: 16/19 MP: 7/10
   757 | D:1      | Learned a level 2 spell: Call Imp
   761 | D:1      | Learned a level 3 spell: Call Canine Familiar
   765 | D:1      | Learned a level 3 spell: Summon Guardian Golem
  1114 | D:2      | Reached XP level 4. HP: 24/24 MP: 12/12
  1490 | D:2      | Identified the +4 spear of Gravity {drain, rElec rN+ Will-}
  1658 | D:3      | Noticed Ijyb
  1669 | D:3      | Reached skill level 5 in Spellcasting
  1674 | D:3      | Learned a level 4 spell: Summon Lightning Spire
  1700 | D:3      | Killed Ijyb
  1753 | D:3      | Found a faded altar of an unknown god.
  1780 | D:3      | Noticed a phantom
  1800 | D:3      | Killed a phantom
  1801 | D:3      | Reached XP level 5. HP: 19/28 MP: 15/15
  1916 | D:3      | Killed from afar by an orc priest

Illustrated notes

Levels and vault maps discovered:
D:1:      dpeg_arrival_three_bigger_balls, layout_rooms, serial_shops, shop,
          serial_bayou_pond_a, minmay_misc_feat_more_columns, minmay_quantized
D:2:      layout_basic, minmay_pentomino_p2
D:3:      layout_rooms, dreamdust_ecumenical_altar_drowned_temple, uniq_ijyb,
          uniq_robin

Skill      XL: |  1  2  3  4  5 |
---------------+----------------+-----
Spellcasting   | 4 5 6 |  6.0
Summonings     | 5 6 |  6.3
Dodging        | |  2.4
Stealth        | |  2.4

Action                     |  1- 3 |  4- 6 || total
---------------------------+-------+-------++-------
  Melee: Unarmed           |    23 |       ||    23
         Short sword       |    72 |     1 ||    73
         Punch             |     1 |       ||     1
         Lajatang          |       |    18 ||    18
   Cast: Summon Small Mamm |    34 |     2 ||    36
         Call Canine Famil |     4 |    10 ||    14
    Use: Potion            |       |     3 ||     3
   Stab: Sleeping          |       |     1 ||     1
 Armour: Robe              |    20 |     4 ||    24
  Dodge: Dodged            |    40 |    14 ||    54
